 Dungeon Crawl Stone Soup version 0.30.0-29-ga12c61a403 (webtiles) character file.

Game seed: 2165114815709418028

7216 seaoflcl the Cleaver (level 10, -10/90 HPs)
             Began as a Minotaur Fighter on June 10, 2023.
             Was a Priest of Okawaru.
             Mangled by a two-headed ogre
             ... wielding a +0 giant club
              (19 damage)
             ... on level 11 of the Dungeon.
             The game lasted 00:14:22 (12398 turns).

seaoflcl the Cleaver (Minotaur Fighter)            Turns: 12398, Time: 00:14:23

Health: -10/90     AC: 15    Str: 26    XL:     10   Next: 87%
Magic:  9/9        EV:  8    Int:  5    God:    Okawaru [***...]
Gold:   578        SH:  6    Dex: 15    Spells: 9/9 levels left

rFire   . . .        f - +3 flail (freeze)
rCold   . . .        c - +0 buckler
rNeg    . . .        K - +0 plate armour
rPois   .            (helmet restricted)
rElec   .            (no cloak)
rCorr   .            p - +0 pair of gloves
SInv    .            (no boots)
Will    +....        (no amulet) Stlth
                     m - ring of willpower
HPRegen 0.35/turn    j - +6 ring of dexterity
MPRegen 0.11/turn

%: no passive effects
@: no status effects
A: horns 2, retaliatory headbutt
a: Renounce Religion, Heroism


You were on level 11 of the Dungeon.
You worshipped Okawaru.
Okawaru was most pleased with you.
You visited 2 branches of the dungeon, and saw 12 of its levels.

You collected 578 gold pieces.

Inventory:

Hand Weapons
 a - a +0 war axe
 f - a +3 flail of freezing (weapon)
 v - a +0 flail of protection
 B - a +0 spear of freezing
 J - a +4 short sword
 P - a +0 scimitar of draining
 Q - a +2 trident
Missiles
 d - 5 javelins
 n - 13 poisoned darts (quivered)
 A - a throwing net
 R - a curare-tipped dart
Armour
 c - a +0 buckler (worn)
 p - a +0 pair of gloves (worn)
 K - a +0 plate armour (worn)
Jewellery
 j - a +6 ring of dexterity (right hand)
 m - a ring of willpower (left hand)
 x - a ring of fire
 O - a ring of positive energy
 T - a ring of willpower
Wands
 y - a wand of mindburst (15)
 C - a wand of iceblast (24)
 G - a wand of charming (22)
 I - a wand of digging (8)
 L - a wand of flame (10)
Scrolls
 e - 3 scrolls of poison
 h - 3 scrolls of teleportation
 l - 2 scrolls of fear
 o - 3 scrolls of noise
 q - 3 scrolls of blinking {unknown}
 s - a scroll of silence {unknown}
 t - a scroll of enchant weapon {unknown}
 E - a scroll of enchant armour {unknown}
 F - 5 scrolls of immolation {unknown}
 M - a scroll of amnesia {unknown}
 S - a scroll of magic mapping {unknown}
 V - a scroll of fog {unknown}
Potions
 b - a potion of berserk rage {unknown}
 g - 2 potions of cancellation
 i - 5 potions of curing
 k - 3 potions of brilliance
 r - a potion of degeneration {unknown}
 u - 2 potions of flight {unknown}
 w - 2 potions of heal wounds
 z - 2 potions of magic {unknown}
 D - a potion of ambrosia {unknown}
 H - a potion of invisibility {unknown}
 N - a potion of mutation {unknown}
 U - a potion of haste {unknown}


   Skills:
 + Level 8.9 Fighting
 - Level 11.1(11.4) Axes
 * Level 3.7(8.0) Maces & Flails
 + Level 6.3 Throwing
 + Level 8.8 Armour
 + Level 2.3 Dodging
 + Level 8.9 Shields
 + Level 1.6 Evocations


You had 9 spell levels left.
You didn't know any spells.
Your spell library contained the following spells:

 Spells                   Type           Power      Damage    Failure   Level
 Necrotise                Necr           0%         1d4       99%         1
 Cigotuvi's Dreadful Rot  Necr/Pois/Air  0%         N/A       100%        2
 Hailstorm                Conj/Ice       0%         3d3       100%        3
 Ignite Poison            Fire/Tmut/Pois 0%         N/A       100%        3
 Portal Projectile        Hex/Tloc       0%         N/A       100%        3
 Vampiric Draining        Necr           0%         2d6       100%        3
 Ice Form                 Ice/Tmut       0%         N/A       100%        4
 Leda's Liquefaction      Hex/Erth       0%         N/A       100%        4
 Agony                    Necr           0%         N/A       100%        5
 Freezing Cloud           Conj/Ice/Air   0%         6-21      100%        5
 Chain Lightning          Conj/Air       0%         N/A       100%        9
 Fire Storm               Conj/Fire      0%         5d1       100%        9
 Shatter                  Erth           0%         3d5*      100%        9
 Summon Small Mammal      Summ           Unusable   N/A       N/A         1
 Call Canine Familiar     Summ           Unusable   N/A       N/A         3
 Summon Guardian Golem    Hex/Summ       Unusable   N/A       N/A         3
 Animate Dead             Necr           Unusable   N/A       N/A         4
 Simulacrum               Ice/Necr       Unusable   N/A       N/A         6
 Haunt                    Necr/Summ      Unusable   N/A       N/A         7
 Infestation              Necr           Unusable   N/A       N/A         8

Dungeon Overview and Level Annotations

Branches:
Dungeon (11/15)            Temple (1/1) D:7            Lair (0/5) D:10
    Orc: D:9-12

Altars:
Cheibriados
Dithmenos
Elyvilon
Fedhas
Gozag
Hepliaklqana
Kikubaaqudgha
Nemelex Xobeh
Okawaru
Ru
Sif Muna
Trog
Uskayaw
Vehumet
Yredelemnul
Zin
The Shining One

Shops:
D:5 [   D:7 (   D:9 :


Innate Abilities, Weirdness & Mutations

You have a pair of horns on your head.
You reflexively headbutt those who attack you in melee.


Message History

The poisoned dart hits the two-headed ogre.
The two-headed ogre is poisoned.
The wyvern hisses angrily.
Throw: 15 darts (poison)
Press: ? - help, Q - select action, (/) - cycle Shift-Dir - straight line, f/p - two-headed ogre
Aim: a two-headed ogre, wielding two +0 giant clubs (poisoned, 79% to hit)
You throw a poisoned dart.
The poisoned dart hits the two-headed ogre!
The two-headed ogre looks even sicker.
Throw: 14 darts (poison)
Press: ? - help, Q - select action, (/) - cycle Shift-Dir - straight line, f/p - two-headed ogre
Aim: a two-headed ogre, wielding two +0 giant clubs (very poisoned, 79% to hit)
You throw a poisoned dart.
The poisoned dart hits the two-headed ogre.
Unknown command.
The wyvern hisses menacingly.
The wyvern bites you!
You hit the wyvern but do no damage. Your headbutt misses the wyvern.
The wyvern completely misses you. You furiously retaliate!
You headbutt the wyvern. You hit the wyvern but do no damage.
The wyvern is lightly wounded.
The wyvern barely misses you. You furiously retaliate!
You headbutt the wyvern.
The wyvern bites you but does no damage.
The wyvern bites you! The wyvern attacks as you move away!
The wyvern barely misses you. The wyvern bites you.
You hit the wyvern. You freeze the wyvern.
The wyvern is severely wounded.
The wyvern bites you but does no damage.
The wyvern bites you!
You sock the wyvern! You freeze the wyvern.
You kill the wyvern!
Okawaru accepts your kill.
The two-headed ogre hits you with a +0 giant club! x2
* * * LOW HITPOINT WARNING * * *
The two-headed ogre hits you with a +0 giant club!!
* * * LOW HITPOINT WARNING * * *
The two-headed ogre hits you with a +0 giant club!!
You die...

..... ......###....
#.....##.... .....#....
........ #####...#.#
#.$....##.# #.....O.##
#!....@..#######
.(((...#.#..#....#..##
.........#.##..........
..................###.
##................##..
...........##.....##.#
.####......##.....##.#
########......##.#
#.........###


You could see a two-headed ogre (very poisoned).

Vanquished Creatures
  A two-headed ogre (D:11)
  Pikel (D:6)
  An unseen horror (D:10)
  A komodo dragon (D:10)
  2 trolls
  A hornet (D:8)
  A vampire (D:9)
  8 yaks
  2 wyverns
  3 water moccasins
  3 orc warriors
  2 black bears (D:5)
  2 sky beasts (D:8)
  An ice beast (D:8)
  2 ogres (D:5)
  4 centaurs
  A kobold brigand (D:9)
  5 bullfrogs
  A gnoll sergeant (D:5)
  2 scorpions (D:6)
  5 wights (D:9)
  5 howler monkeys
  2 hounds (D:6)
  A jelly (D:5)
  A gnoll bouda (D:5)
  3 orc priests
  Jessica (D:3)
  6 iguanas
  10 orc wizards
  A sleepcap (D:7)
  7 gnolls (D:5)
  6 adders
  An ufetubus (D:6)
  2 worms
  2 dart slugs
  26 orcs
  10 ball pythons
  2 bats (D:1)
  9 endoplasms
  4 giant cockroaches
  10 goblins
  5 hobgoblins
  3 quokkas
  3 frilled lizards
  11 kobolds
  6 rats
186 creatures vanquished.

Notes
Turn   | Place    | Note
-------+----------+-------------------------------------------
     0 | D:1      | seaoflcl the Minotaur Fighter began the quest for the Orb.
     0 | D:1      | Reached XP level 1. HP: 19/19 MP: 0/0
   102 | D:1      | Found a faded altar of an unknown god.
   186 | D:1      | Reached XP level 2. HP: 14/27 MP: 1/1
   321 | D:1      | Reached skill level 3 in Axes
   608 | D:2      | Reached XP level 3. HP: 32/33 MP: 2/2
  1028 | D:2      | Reached XP level 4. HP: 40/40 MP: 3/3
  1602 | D:3      | Reached skill level 4 in Axes
  1627 | D:3      | Identified the +1 leather armour of the Old and Reckless
                  | {MP+9 Dex+2 Stlth-}
  1878 | D:3      | Noticed Jessica
  1889 | D:3      | Killed Jessica
  2116 | D:4      | Reached XP level 5. HP: 47/47 MP: 4/4
  2203 | D:4      | Reached skill level 1 in Throwing
  2218 | D:4      | You fall into a shaft and drop 2 floors!
  2230 | D:6      | Reached skill level 5 in Axes
  2230 | D:6      | Reached XP level 6. HP: 26/55 MP: 5/5
  2464 | D:5      | Entered Level 5 of the Dungeon
  2547 | D:5      | Reached skill level 5 in Fighting
  2547 | D:5      | Reached skill level 5 in Armour
  2707 | D:5      | Reached skill level 5 in Shields
  2871 | D:5      | Reached XP level 7. HP: 61/61 MP: 6/6
  2915 | D:5      | Reached skill level 6 in Axes
  3691 | D:5      | Found Cijuwuz's Antique Armour Emporium.
  3998 | D:4      | Reached skill level 7 in Axes
  4063 | D:4      | Reached XP level 8. HP: 64/70 MP: 7/7
  4112 | D:4      | Found a basalt altar of Yredelemnul.
  4112 | D:4      | Found a faded altar of an unknown god.
  4120 | D:4      | Found a faded altar of an unknown god.
  4122 | D:4      | Found a radiant altar of Vehumet.
  4123 | D:4      | Found a glowing golden altar of the Shining One.
  4528 | D:6      | Noticed Pikel
  4545 | D:6      | Killed Pikel
  5176 | D:6      | Reached skill level 8 in Axes
  5729 | D:7      | Found Ajal's Antique Weapon Emporium.
  5754 | D:7      | Found a blossoming altar of Fedhas.
  5960 | D:7      | Found a staircase to the Ecumenical Temple.
  6433 | D:7      | Reached XP level 9. HP: 14/78 MP: 8/8
  7000 | D:8      | Reached skill level 9 in Axes
  7595 | D:8      | Found an opulent altar of Gozag.
  7687 | D:8      | Paralysed by a hornet for 2 turns
  7694 | D:8      | Paralysed by a hornet for 2 turns
  7698 | D:8      | Reached skill level 5 in Throwing
  8335 | Temple   | Entered the Ecumenical Temple
  8369 | Temple   | Became a worshipper of Warmaster Okawaru
  8499 | D:8      | Reached skill level 10 in Axes
  9113 | D:9      | Found Sodwa's Book Boutique.
  9146 | D:9      | Reached * piety under Okawaru
  9158 | D:9      | Reached XP level 10. HP: 57/88 MP: 9/9
  9614 | D:9      | Reached ** piety under Okawaru
 10277 | D:9      | Reached skill level 11 in Axes
 10609 | D:9      | Found a glowing silver altar of Zin.
 10892 | D:10     | Entered Level 10 of the Dungeon
 10994 | D:10     | Reached skill level 1 in Maces & Flails
 11084 | D:10     | Found a staircase to the Lair.
 11500 | D:10     | Reached skill level 1 in Dodging
 11536 | D:10     | Reached skill level 1 in Evocations
 12078 | D:10     | Found a shimmering blue altar of Sif Muna.
 12302 | D:11     | Noticed a two-headed ogre
 12311 | D:11     | Killed a two-headed ogre
 12311 | D:11     | Reached *** piety under Okawaru
 12385 | D:11     | Noticed a two-headed ogre
 12398 | D:11     | Mangled by a two-headed ogre

Illustrated notes

Levels and vault maps discovered:
D:1:      minmay_arrival_shattered_statue, layout_basic,
          shapermc_ecumenical_altar_totnotflames
D:2:      layout_loops_ring, serial_park_tiny_pond
D:3:      layout_basic, minmay_misc_feat_more_columns,
          minmay_misc_feat_ornament, uniq_jessica
D:4:      layout_rooms, chequers_temple_overflow_minitemple
D:5:      layout_basic, serial_shops, nicolae_shop_tiny_real_fake_doors,
          serial_bayou_crossing
D:6:      layout_loops_ring, grunt_decor_resistance, uniq_pikel
D:7:      layout_loops_ring, fedhas_ov_isle_minmay, temple_pool_b, serial_shops,
          nicolae_shop_pleasant_corner_grove
D:8:      layout_basic, kennysheep_mini
D:9:      layout_stronghold, mainiacjoe_overflow_alcove_4, serial_shops, shop
D:10:     layout_loops_ring, tgw_sif, lair_entry_dummy
D:11:     layout_rooms, minmay_orc_entry_temple_small, uniq_amaemon
Temple:   regret_index_temple_waves

Skill      XL: |  1  2  3  4  5  6  7  8  9 10 |
---------------+-------------------------------+-----
Axes           | 3 4 5 7 8 10 11 | 11.1
Fighting       | 4 5 6 8 |  8.9
Armour         | 4 5 6 7 8 |  8.8
Shields        | 4 5 6 8 |  8.9
Throwing       | 1 2 3 4 5 6 |  6.3
Maces & Flails | 3 |  3.7
Dodging        | 2 |  2.3
Evocations     | 1 |  1.6

Action                     |  1- 3 |  4- 6 |  7- 9 | 10-12 || total
---------------------------+-------+-------+-------+-------++-------
  Melee: War axe           |    72 |    69 |   232 |    77 ||   450
         Headbutt          |     4 |    12 |    48 |    30 ||    94
         Flail             |       |       |       |    60 ||    60
  Throw: Dart              |       |     3 |    19 |    18 ||    40
 Invoke: Heroism           |       |       |       |     1 ||     1
  Evoke: Wand              |       |       |     2 |     1 ||     3
    Use: Potion            |       |       |     2 |     6 ||     8
         Scroll            |       |       |     5 |     2 ||     7
 Armour: Scale mail        |    41 |    32 |    49 |       ||   122
         Plate armour      |       |       |    76 |    88 ||   164
  Dodge: Dodged            |    30 |    29 |    88 |    37 ||   184
  Block: Buckler           |    12 |    16 |    63 |    36 ||   127
